 Dungeon Crawl Stone Soup version 0.29-a0-333-gb4c28e87c6 (webtiles) character file.

Game seed: 5054404658725517020

5264 Jortsu the Cleaver (level 10, -5/80 HPs)
             Began as a Demonspawn Fighter on Apr 13, 2022.
             Was a Believer of Ashenzari.
             Slain by a two-headed ogre
             ... wielding a +0 giant club
              (12 damage)
             ... on level 9 of the Dungeon.
             The game lasted 00:14:43 (6794 turns).

Jortsu the Cleaver (Demonspawn Fighter)             Turns: 6794, Time: 00:14:43

Health: -5/80      AC: 15    Str: 22    XL:     10   Next: 36%
Magic:  10/10      EV:  7    Int: 11    God:    Ashenzari [**....]
Gold:   500        SH:  5    Dex: 14    Spells: 9/9 levels left

rFire   + . .      SeeInvis +   a - +2 war axe (flame)
rCold   . . .      Faith    .   c - +0 buckler of Star-Bound Wisdom {Range, Melee} (curse)
rNeg    . . .      Spirit   .   E - +0 plate armour
rPois   +          Reflect  .   h - +0 helmet of Ashenzari's Paranoia {Self, Cun} (curse)
rElec   .          Harm     .   (no cloak)
rCorr   .          Rampage  .   (no gloves)
Will    .....                   d - +0 pair of boots "Eternal Failure" {Range, Cun} (curse)
Stlth   ..........              s - amulet "Regret of Ashenzari" {Regen+, Range, Self} (curse)
HPRegen 1.03/turn               r - ring of protection from fire
MPRegen 0.12/turn               z - ring of poison resistance

@: no status effects
A: hooves 1, thin skeletal structure 1, spiny 2, clever 1
a: Renounce Religion, Curse Item, Shatter the Chains


You were on level 9 of the Dungeon.
You worshipped Ashenzari.
Ashenzari was pleased with you.
You visited 1 branch of the dungeon, and saw 9 of its levels.

You collected 500 gold pieces.

Inventory:

Hand Weapons
 a - a +2 war axe of flaming (weapon)
 B - a +4 war axe
Armour
 c - the cursed +0 buckler of Star-Bound Wisdom (worn) {Range, Melee}

   It has a curse which improves the following skills: Ranged Combat: Slings,
   Bows, Crossbows and Throwing.
   Melee Combat: Short Blades, Long Blades, Axes, Maces & Flails, Polearms,
   Staves and Unarmed Combat.
 d - the cursed +0 pair of boots "Eternal Failure" (worn) {Range, Cun}
   (You found it on level 6 of the Dungeon)

   It has a curse which improves the following skills: Ranged Combat: Slings,
   Bows, Crossbows and Throwing.
   Cunning:   Dodging and Stealth.
 h - the cursed +0 helmet of Ashenzari's Paranoia (worn) {Self, Cun}
   (You found it on level 1 of the Dungeon)

   It has a curse which improves the following skills: Introspection: Fighting
   and Spellcasting.
   Cunning:   Dodging and Stealth.
 E - a +0 plate armour (worn)
Jewellery
 i - a ring of fire
 r - a ring of protection from fire (left hand)
 s - the cursed amulet "Regret of Ashenzari" (around neck) {Regen+, Range, Self}
   (You found it on level 4 of the Dungeon)

   [amulet of regeneration]

   Regen:     It increases your rate of health regeneration.
   It has a curse which improves the following skills: Ranged Combat: Slings,
   Bows, Crossbows and Throwing.
   Introspection: Fighting and Spellcasting.
 t - a ring of protection from fire
 x - a ring of ice
 z - a ring of poison resistance (right hand)
Wands
 b - a wand of polymorph (14)
 o - a wand of iceblast (29)
 v - a wand of charming (13)
 D - a wand of mindburst (14)
Scrolls
 j - a scroll of silence
 k - 4 scrolls of blinking
 m - 2 scrolls of amnesia
 n - 6 scrolls of teleportation
 p - 2 scrolls of summoning
 w - 3 scrolls of enchant armour
 y - a scroll of fog
Potions
 e - a potion of heal wounds
 f - 4 potions of curing
 g - 3 potions of attraction
 l - 3 potions of flight
 q - 3 potions of ambrosia
 A - a potion of cancellation
 C - a potion of brilliance


   Skills:
 + Level 6.3(8.2) Fighting
 + Level 10.2(11.4) Axes
 + Level 7.1 Armour
 + Level 2.2(3.7) Dodging
 + Level 1.7(3.1) Stealth
 + Level 5.3 Shields


You had 9 spell levels left.
You didn't know any spells.
Your spell library contained the following spells:

 Spells                   Type           Power      Damage    Failure   Level
 Freeze                   Ice            0%         1d3       100%        1
 Corpse Rot               Necr/Air       0%         N/A       100%        2
 Poisonous Vapours        Pois/Air       0%         N/A       100%        2
 Frozen Ramparts          Ice            0%         1d2       100%        3
 Stone Arrow              Conj/Erth      0%         3d7       100%        3
 Animate Armour           Summ/Erth      0%         N/A       100%        4
 Dispel Undead            Necr           0%         3d6       100%        4
 Hailstorm                Conj/Ice       0%         3d3       100%        4
 Passage of Golubria      Tloc           0%         N/A       100%        4
 Summon Ice Beast         Ice/Summ       0%         N/A       100%        4
 Silence                  Hex/Air        0%         N/A       100%        5
 Summon Mana Viper        Hex/Summ       0%         N/A       100%        5
 Death Channel            Necr           0%         N/A       100%        6
 Monstrous Menagerie      Summ           0%         N/A       100%        7
 Lehudib's Crystal Spear  Conj/Erth      0%         10d2      100%        8


Dungeon Overview and Level Annotations

Branches:
Dungeon (9/15)             Temple (0/1) D:5
   Lair: D:8-11         Orc: D:9-12

Altars:
Ashenzari
Dithmenos
Elyvilon
Gozag
Hepliaklqana
Makhleb
Okawaru
Uskayaw
Vehumet
Wu Jian
Yredelemnul
Zin
The Shining One

Shops:
D:2 ?   D:7 *

Annotations:
D:5 2 transporters


Innate Abilities, Weirdness & Mutations

You have large cloven feet.
You have a somewhat thin skeletal structure. (Dex +2, Stealth+)
You are mostly covered in sharp spines.
Your mind is acute. (Int +2)


Message History

You kill the wyvern!
You enter the shallow water.
Moving in this stuff is going to be slow.
Found a stone staircase leading down.
As you open the large door, it creaks loudly!
A two-headed ogre and a kobold brigand come into view.
The kobold brigand is wielding a +0 dagger and quivering curare-tipped darts.
The two-headed ogre shouts in stereo!
The kobold brigand shouts!
The kobold brigand throws a curare-tipped dart.
The curare-tipped dart barely misses you.
Found 11 gold pieces.
You hit the two-headed ogre. You burn the two-headed ogre.
The two-headed ogre is lightly wounded.
You block the two-headed ogre's attack.
The two-headed ogre hits you with a +0 dire flail!
You slash the two-headed ogre! You burn the two-headed ogre.
The two-headed ogre is moderately wounded.
You barely miss the two-headed ogre.
The two-headed ogre is moderately wounded.
The two-headed ogre hits you with a +0 giant club!!
The two-headed ogre hits you with a +0 dire flail!
You hit the two-headed ogre but do no damage.
The two-headed ogre is moderately wounded.
You hit the kobold brigand. You burn the kobold brigand.
The two-headed ogre hits you with a +0 giant club!!
* * * LOW HITPOINT WARNING * * *
The two-headed ogre hits you but does no damage.
The kobold brigand hits you with a +0 dagger.
* * * LOW HITPOINT WARNING * * *
You hit the two-headed ogre. You burn the two-headed ogre.
The two-headed ogre is moderately wounded.
You slash the kobold brigand! You burn the kobold brigand.
The kobold brigand hits you but does no damage.
You slice the two-headed ogre!! You burn the two-headed ogre.
The two-headed ogre is almost dead.
You hit the kobold brigand. You burn the kobold brigand.
You kill the kobold brigand!
The two-headed ogre barely misses you.
The two-headed ogre hits you with a +0 dire flail!
You die...

######## ######
#......#####......* *
#####.................*
, *
#...................#*
,*
##...................#
,
.....................#
,
...............>.....#
* *
.................)...#
,
*#...≈≈.........@O...#
* *
#...≈≈≈##########''## *
#....≈≈≈#* , ...#
#....#≈≈≈#* ,,O...#
#....##≈≈≈##.,.....# *
#....#*#≈≈≈##..$K..# *
* ##....# #≈≈≈##.....#
* ......#..##≈≈≈##....#
* * , .....)#...##≈≈≈#
* * *


You could see a two-headed ogre.

Vanquished Creatures
  A two-headed ogre (D:9)
  Pikel (D:7)
  A shadow (D:8)
  2 wyverns
  3 steam dragons
  3 orc warriors
  2 water moccasins
  Duvessa (D:7)
  2 ice beasts
  A black bear (D:8)
  A phantom (D:7)
  5 centaurs
  3 kobold brigands
  Blork the orc (D:4)
  6 bullfrogs
  4 scorpions
  A necrophage (D:5)
  Dowan (D:7)
  4 wights (D:8)
  3 howler monkeys
  6 hounds
  4 orc priests
  A gnoll shaman (D:6)
  3 iguanas
  10 orc wizards
  6 gnolls
  5 adders
  4 shadow imps
  2 white imps
  An ufetubus (D:6)
  4 dart slugs
  42 orcs
  3 ball pythons
  3 bats
  9 endoplasms
  4 giant cockroaches
  4 goblins
  3 hobgoblins
  3 jackals (D:1)
  2 quokkas
  A frilled lizard (D:1)
  20 kobolds
  3 rats
189 creatures vanquished.

Vanquished Creatures (others)
  A bush (D:8)
  9 fungi (D:9)
10 creatures vanquished.

Grand Total: 199 creatures vanquished

Notes
Turn   | Place    | Note
-------+----------+-------------------------------------------
     0 | D:1      | Jortsu the Demonspawn Fighter began the quest for the Orb.
     0 | D:1      | Reached XP level 1. HP: 18/18 MP: 1/1
   235 | D:1      | Gained mutation: You are partially covered in sharp spines.
                  | [demonic ancestry]
   235 | D:1      | Reached XP level 2. HP: 24/24 MP: 2/2
   267 | D:1      | Found a faded altar of an unknown god.
   270 | D:1      | Prayed at the altar of an unknown god.
   270 | D:1      | Became a worshipper of Ashenzari the Shackled
   318 | D:1      | Reached skill level 2 in Axes
   999 | D:2      | Reached XP level 3. HP: 24/29 MP: 3/3
  1110 | D:2      | Found Ofat's Magic Scroll Shoppe.
  1795 | D:3      | Reached XP level 4. HP: 30/35 MP: 4/4
  1879 | D:3      | Found an opulent altar of Gozag.
  1956 | D:3      | Reached * piety under Ashenzari
  2100 | D:4      | Reached skill level 3 in Axes
  2233 | D:4      | Noticed Blork the orc
  2244 | D:4      | Reached XP level 5. HP: 37/43 MP: 5/5
  2281 | D:5      | Entered Level 5 of the Dungeon
  2501 | D:4      | Killed Blork the orc
  2760 | D:4      | Found an ornate altar of the Wu Jian Council.
  2776 | D:4      | Gained mutation: You have large cloven feet. [demonic
                  | ancestry]
  2776 | D:4      | Reached XP level 6. HP: 44/49 MP: 6/6
  2942 | D:4      | Reached skill level 4 in Axes
  2942 | D:4      | Reached skill level 1 in Dodging
  2957 | D:4      | Found a basalt altar of Yredelemnul.
  3072 | D:4      | Found a hide-covered altar of Uskayaw.
  3072 | D:4      | Found a hazy altar of Hepliaklqana.
  3072 | D:4      | Found an iron altar of Okawaru.
  3483 | D:5      | Identified the +2 great sword "Sitelat" {vamp, rPois rCorr
                  | Int+3 Dex-5}
  3565 | D:5      | Found a transporter.
  3571 | D:5      | Noticed a kobold demonologist
  3579 | D:5      | Identified the +0 ring mail of Hangman {rN+}
  3596 | D:5      | Found a staircase to the Ecumenical Temple.
  3621 | D:5      | Reached XP level 7. HP: 55/55 MP: 7/7
  3723 | D:5      | Found a transporter.
  3785 | D:5      | Reached skill level 5 in Axes
  4344 | D:6      | Found a radiant altar of Vehumet.
  4364 | D:6      | Gained mutation: You are weak. (Str -2) [potion of
                  | mutation]
  4365 | D:6      | Lost mutation: You are weak. (Str -2) [potion of mutation]
  4365 | D:6      | Gained mutation: Your mind is acute. (Int +2) [potion of
                  | mutation]
  4556 | D:6      | Reached skill level 5 in Armour
  4556 | D:6      | Reached XP level 8. HP: 62/62 MP: 8/8
  4598 | D:6      | Reached skill level 1 in Stealth
  4628 | D:6      | Reached skill level 6 in Axes
  5103 | D:7      | Reached skill level 5 in Fighting
  5103 | D:7      | Found Zin's Purification Station.
  5156 | D:7      | Reached skill level 7 in Axes
  5292 | D:7      | Gained mutation: You are mostly covered in sharp spines.
                  | [demonic ancestry]
  5292 | D:7      | Reached XP level 9. HP: 69/69 MP: 9/9
  5514 | D:7      | Noticed Pikel
  5520 | D:7      | Killed Pikel
  5521 | D:7      | Reached skill level 8 in Axes
  5578 | D:7      | Noticed Dowan
  5579 | D:7      | Found a shadowy altar of Dithmenos.
  5581 | D:7      | Noticed Duvessa
  5592 | D:7      | Killed Duvessa
  5594 | D:7      | Killed Dowan
  5625 | D:7      | Found a burning altar of Makhleb.
  5784 | D:8      | Reached ** piety under Ashenzari
  5933 | D:8      | Reached skill level 9 in Axes
  6046 | D:8      | Reached skill level 5 in Shields
  6370 | D:8      | Gained mutation: You have a somewhat thin skeletal
                  | structure. (Dex +2, Stealth+) [demonic ancestry]
  6370 | D:8      | Reached XP level 10. HP: 78/80 MP: 10/10
  6496 | D:9      | Noticed a two-headed ogre
  6508 | D:9      | Killed a two-headed ogre
  6614 | D:9      | Reached skill level 10 in Axes
  6785 | D:9      | Noticed a two-headed ogre
  6794 | D:9      | Slain by a two-headed ogre

Illustrated notes

Levels and vault maps discovered:
D:1:      lightli_arrival_windingriver, layout_basic,
          shapermc_ecumenical_altar_hornbeckon
D:2:      layout_loops_ring, serial_shops, shop, minmay_heptomino_h4
D:3:      layout_basic, grunt_gozag_breadcrumbs, serial_bayou_pond_d,
          corexii_leaking_fountain
D:4:      layout_loops_ring, mainiacjoe_overflow_alcove_1,
          nicolae_overflow_crystal_walls, gammafunk_temple_overflow_claw,
          uniq_blork_the_orc
D:5:      gammafunk_wand_slinger, layout_loops_corners, tso_oasis_becter,
          minmay_temple_entry_antechambers
D:6:      minmay_skewed_foursquare, layout_basic, nicolae_vehumet_radiance,
          chequers_arboretum, minivault_27
D:7:      layout_rooms, lightli_temple_of_fire, zin_purify,
          nicolae_dithmenos_through_a_glass_darkly, serial_park_tiny_2,
          kennysheep_generic_room_4, uniq_pikel, uniq_duvessa
D:8:      layout_rooms, mainiacjoe_overflow_catwalk, serial_corexii_hall,
          chequers_hall_statues_y, corexii_hall_statues_l, chequers_avenue,
          minmay_hedge_maze, nicolae_figureground_sparkle
D:9:      kennysheep_steamy, layout_irregular_city, roderic_roman_lattice,
          kennysheep_opposing_triangles

Skill      XL: |  1  2  3  4  5  6  7  8  9 10 |
---------------+-------------------------------+-----
Axes           | 2 3 4 5 7 9 10 | 10.2
Armour         | 3 4 5 6 7 |  7.1
Shields        | 3 4 5 |  5.3
Dodging        | 1 2 |  2.2
Fighting       | 4 5 6 |  6.3
Stealth        | 1 |  1.7

Action                   |  1- 3 |  4- 6 |  7- 9 | 10-12 || total
-------------------------+-------+-------+-------+-------++-------
Melee: War axe           |    70 |    90 |   195 |    49 ||   404
       Kick              |       |    12 |    11 |       ||    23
Invok: Curse Item        |     1 |     1 |     2 |       ||     4
  Use: Scroll            |     6 |     1 |     1 |       ||     8
       Potion            |       |     1 |     2 |       ||     3
Armor: Scale mail        |    45 |    48 |     3 |       ||    96
       Chain mail        |       |       |    90 |    14 ||   104
       Plate armour      |       |       |       |     9 ||     9
Dodge: Dodged            |    29 |    36 |    64 |    23 ||   152
Block: Buckler           |    18 |    14 |    54 |    22 ||   108

Table legend: (Time is in decaauts)
 A = Elapsed time spent in this place.
 B = Non-inter-level travel time spent in this place.
 C = Inter-level travel time spent in this place.
 D = Time resting spent in this place.
 E = Time spent auto-exploring this place.
 F = Levels seen in this place.
 G = Mean time per level.
                   A        B        C        D        E       F      G
               +--------+--------+--------+--------+--------+-----+--------+
         Total |   6881 |   6646 |    235 |    513 |   4638 |   9 |  764.6 |
       Dungeon |   6881 |   6646 |    235 |    513 |   4638 |   9 |  764.6 |
               +--------+--------+--------+--------+--------+-----+--------+

Top non-repeatable levels by time:
     D:5: 1064 daAuts
     D:4: 1006 daAuts
     D:6: 964 daAuts
     D:1: 790 daAuts
     D:8: 723 daAuts
     D:2: 711 daAuts
     D:7: 683 daAuts
     D:3: 628 daAuts
     D:9: 308 daAuts
